 Dungeon Crawl Stone Soup version 0.31-a0-1074-g0b22e4e0f1 (webtiles) character file.

Game seed: 360946434466465787

65 Dittersdorf the Shield-Bearer (level 4, -4/35 HPs)
             Began as a Human Fighter on Nov 27, 2023.
             Slain by a gnoll
             ... wielding a +0 halberd
              (10 damage)
             ... on level 2 of the Dungeon.
             The game lasted 00:01:52 (1971 turns).

Dittersdorf the Shield-Bearer (Human Fighter)       Turns: 1971, Time: 00:01:53

Health: -4/35      AC:  9    Str: 18    XL:     4   Next: 34%
Magic:  4/4        EV:  9    Int: 14    God:
Gold:   130        SH:  5    Dex: 13    Spells: 3/3 levels left

rFire   . . .        a - +0 long sword
rCold   . . .        c - +0 buckler
rNeg    . . .        t - +3 scale mail
rPois   .            (no helmet)
rElec   .            e - scarf {+Inv}
rCorr   .            (no gloves)
SInv    .            (no boots)
Will    .....        (no amulet) Stlth
                     o - +6 ring of intelligence
HPRegen 0.25/turn    (no ring)
MPRegen 0.09/turn

%: no passive effects
@: no status effects
A: no striking features
a: Evoke Invisibility


You were on level 2 of the Dungeon.
You visited 1 branch of the dungeon, and saw 3 of its levels.

You collected 130 gold pieces.

Inventory:

Hand Weapons
 a - a +0 long sword (weapon)
Armour
 c - a +0 buckler (worn)
 e - a scarf of invisibility (worn)
 t - a +3 scale mail (worn)
Jewellery
 o - a +6 ring of intelligence (left hand)
Scrolls
 f - 2 scrolls of immolation {unknown}
 i - 2 scrolls of revelation {unknown}
 j - 2 scrolls of poison {unknown}
 k - 2 scrolls of blinking {unknown}
 l - a scroll of teleportation {unknown}
 q - 3 scrolls of amnesia {unknown}
 s - a scroll of noise {unknown}
Potions
 d - a potion of might
 g - a potion of ambrosia {unknown}
 h - a potion of curing {unknown}
 m - a potion of degeneration {unknown}
 n - a potion of berserk rage {unknown}
 p - a potion of enlightenment {unknown}
 r - a potion of heal wounds {unknown}


   Skills:
 + Level 3.5 Fighting
 + Level 2.7 Long Blades
 + Level 3.5 Armour
 + Level 3.5 Shields


You had 3 spell levels left.
You didn't know any spells.
Your spell library was empty.

Dungeon Overview and Level Annotations

Branches:
Dungeon (3/15)

Altars:

Shops:
D:1 *


Message History

There is a stone staircase leading up here.
The gnoll hits you with a +0 halberd.
There is a stone staircase leading up here.
The gnoll hits you but does no damage. x2
You climb upwards.
There is a stone staircase leading down here.
You barely miss the gnoll. The gnoll hits you but does no damage.
The gnoll hits you with a +0 halberd.
You hit the gnoll.
The gnoll is heavily wounded.
You block the gnoll's attack. The gnoll barely misses you.
You barely miss the gnoll.
The gnoll is heavily wounded.
You block the gnoll's attack. The gnoll hits you with a +0 halberd!
The gnoll barely misses you.
You hit the gnoll.
The gnoll is severely wounded.
The gnoll completely misses you. The gnoll hits you but does no damage.
The gnoll barely misses you.
You hit the gnoll but do no damage.
The gnoll is severely wounded.
The gnoll hits you with a +0 club. The gnoll hits you with a +0 halberd!
You hit the gnoll.
The gnoll is almost dead.
You block the gnoll's attack. The gnoll hits you with a +0 halberd.
* * * LOW HITPOINT WARNING * * *
You hit the gnoll.
You kill the gnoll!
The gnoll closely misses you. The gnoll hits you but does no damage.
You hit the gnoll.
The gnoll is heavily wounded.
You block the gnoll's attack.
You hit the gnoll.
The gnoll is severely wounded.
The gnoll hits you with a +0 halberd.
* * * LOW HITPOINT WARNING * * *
You closely miss the gnoll.
The gnoll is severely wounded.
The gnoll hits you with a +0 halberd!
You die...

#..## #.# #....# # #
##..# #.# #....# # #
###.## ##.# ###### # #
#....#######..# # #####
#........#...## # ....#
#....###...### # ###.#
#....# ##..# # ###.#
######
#g################
....#
#@##..............
#####
#)#.............[. #
#.#..##########... #
######.#..#####....#.##
#
#................#.#.#
#
#.####.#..#####..#.#.##
#
#.####.#..#####..#.....
#.#....#......#..#..#.#
###
#.#.........#.#..#..#..


You could see a gnoll.

Vanquished Creatures
  A gnoll (D:2)
  2 dart slugs (D:1)
  4 orcs (D:3)
  4 endoplasms
  4 giant cockroaches
  5 goblins
  6 hobgoblins
  5 kobolds
  4 ball pythons
  4 bats
  2 frilled lizards
  3 rats
44 creatures vanquished.

Notes
Turn   | Place    | Note
-------+----------+-------------------------------------------
     0 | D:1      | Dittersdorf the Human Fighter began the quest for the Orb.
     0 | D:1      | Reached XP level 1. HP: 18/18 MP: 1/1
   149 | D:1      | Reached XP level 2. HP: 24/24 MP: 2/2
   298 | D:1      | Found Ihus's General Store.
   550 | D:1      | Reached XP level 3. HP: 29/29 MP: 3/3
  1705 | D:3      | Reached XP level 4. HP: 16/35 MP: 4/4
  1936 | D:3      | Identified the +5 spear of Yeast {freeze, rCorr}
  1971 | D:2      | Slain by a gnoll

Illustrated notes

Levels and vault maps discovered:
D:1:      dpeg_arrival_central, layout_loops_ring, serial_shops,
          nicolae_shop_tiny_glass, chequers_jeans, minmay_misc_feat_pillars
D:2:      layout_basic
D:3:      layout_basic

Action                     |  1- 3 |  4- 6 || total
---------------------------+-------+-------++-------
  Melee: Long sword        |   119 |    25 ||   144
 Armour: Scale mail        |    99 |    20 ||   119
  Dodge: Dodged            |    39 |     9 ||    48
  Block: Buckler           |    33 |     8 ||    41

Table legend: (Time is in decaauts)
 A = Elapsed time spent in this place.
 B = Non-inter-level travel time spent in this place.
 C = Inter-level travel time spent in this place.
 D = Time resting spent in this place.
 E = Time spent auto-exploring this place.
 F = Levels seen in this place.
 G = Mean time per level.
                   A        B        C        D        E       F      G
               +--------+--------+--------+--------+--------+-----+--------+
         Total |   2016 |   1938 |     78 |     73 |   1495 |   3 |  672.0 |
       Dungeon |   2016 |   1938 |     78 |     73 |   1495 |   3 |  672.0 |
               +--------+--------+--------+--------+--------+-----+--------+

Top non-repeatable levels by time:
     D:1: 930 daAuts
     D:2: 737 daAuts
     D:3: 349 daAuts
